[Event "USA-ch Women 2024"]
[Site "Saint Louis"]
[Date "2024.10.16"]
[Round "5.1"]
[White "Cervantes Landeiro, Thalia"]
[Black "Krush, Irina"]
[Result "0-1"]
[ECO "A42"]
[WhiteElo "2302"]
[BlackElo "2388"]
[Annotator "RC"]
[PlyCount "180"]
[EventDate "2024.10.09"]
[EventType "tourn"]
[EventCountry "USA"]
[SourceTitle "playchess.com"]
[Source "ChessBase"]
[SourceQuality "1"]
[TimeControl "40/5400+30:1800+30"]

1. d4 g6 2. c4 Bg7 3. Nc3 d6 4. e4 e5 5. d5 a5 6. Bd3 Na6 7. Be3 h5 8. Nge2 Bh6 9. Bxh6 Nxh6 10. Qd2 Nc5 11. Bc2 Qe7 12. O-O-O f5 13. f4 Ng4 14. exf5 Bxf5 15. Bxf5 gxf5 16. Ng3 exf4 17. Qxf4 O-O-O 18. Kb1 Rde8 19. Rd2 Kb8 20. Re2 Ne5 21. Qxf5 Qh4 22. Nge4 Nxc4 23. Nxc5 dxc5 24. Qc2 Rhf8 25. g3 Qg4 26. Rhe1 Rxe2 27. Qxe2 Qf5+ 28. Qc2 Qg5 29. a4 b6 30. Qe2 Nd6 31. Qc2 h4 32. gxh4 Qxh4 33. Rd1 Rf2 34. Rd2 Rf4 35. Ka2 Rb4 36. Re2 Kb7 37. Qd3 Qf4 38. h3 Qc1 39. Rc2 Qg1 40. Re2 Rf4 41. Qe3 Qf1 42. Qe6 Rc4 43. Re1 Qd3 44. Re3 Qd2 45. Re2 Qd4 46. Qe3 Qh4 47. Qf3 Rb4 48. Qd3 Qf4 49. Rg2 Qc1 50. Rc2 Qh1 51. Rf2 Rh4 52. Rf3 Qh2 53. Re3 Nc4 54. Re2 Qxh3 55. Qxh3 Rxh3 56. Nb5 Rh7 57. b3 Nd6 58. Nxd6+ cxd6 59. Kb2 Rh5 60. Rd2 b5 61. Kc3 Kb6 62. axb5 Kxb5 63. Rd3 Rg5 64. Rh3 Rxd5 65. Rh8 Rd4 66. Rb8+ Kc6 67. Ra8 a4 68. bxa4 Rh4 69. a5 Rh3+ 70. Kb2 Kb5 71. a6 Kb6 72. a7 Rd3 73. Kc2 Rd4 74. Kc3 Kb7 75. Rb8+ Kxa7 76. Rb1 Ka6 77. Rb8 Ka5 78. Rb1 d5 79. Rb8 Rc4+ 80. Kd3 Rb4 81. Ra8+ Kb5 82. Rb8+ Ka4 83. Rd8 d4 84. Rc8 Rb3+ 85. Kc2 Rc3+ 86. Kd2 Kb4 87. Rb8+ Kc4 88. Ra8 Rb3 89. Ra4+ Rb4 90. Ra2 Kb3 0-1

[Event "USA-ch Women 2024"]
[Site "Saint Louis"]
[Date "2024.10.16"]
[Round "5.2"]
[White "Pourkashiyan, Atousa"]
[Black "Lee, Alice"]
[Result "0-1"]
[ECO "B50"]
[WhiteElo "2269"]
[BlackElo "2395"]
[Annotator "RC"]
[PlyCount "60"]
[EventDate "2024.10.09"]
[EventType "tourn"]
[EventCountry "USA"]
[SourceTitle "playchess.com"]
[Source "ChessBase"]
[SourceQuality "1"]
[TimeControl "40/5400+30:1800+30"]

1. e4 c5 2. Nf3 d6 3. c3 Nf6 4. Be2 Nc6 5. d4 cxd4 6. cxd4 Nxe4 7. d5 Qa5+ 8. Nc3 Nxc3 9. bxc3 Ne5 10. O-O g6 11. Nxe5 dxe5 12. Rb1 a6 13. a4 Qd8 14. Ba3 Bg7 15. d6 Bf8 16. f4 exd6 17. Bc4 Be7 18. fxe5 d5 19. Bxd5 O-O 20. Bxf7+ Rxf7 21. Qb3 Bf5 22. g4 Bxa3 23. gxf5 Bc5+ 24. Kh1 Qd3 25. Rbe1 gxf5 26. Qe6 Raf8 27. Qa2 Kh8 28. Rf4 Rg7 29. e6 Rfg8 30. Rff1 Qxf1+ 0-1

[Event "USA-ch Women 2024"]
[Site "Saint Louis"]
[Date "2024.10.16"]
[Round "5.3"]
[White "Zatonskih, Anna"]
[Black "Abrahamyan, Tatev"]
[Result "0-1"]
[ECO "C02"]
[WhiteElo "2312"]
[BlackElo "2327"]
[Annotator "RC"]
[PlyCount "72"]
[EventDate "2024.10.09"]
[EventType "tourn"]
[EventCountry "USA"]
[SourceTitle "playchess.com"]
[Source "ChessBase"]
[SourceQuality "1"]
[TimeControl "40/5400+30:1800+30"]

1. e4 e6 2. d4 d5 3. e5 c5 4. c3 Nc6 5. Nf3 Bd7 6. Be2 Nge7 7. Na3 Nf5 8. Nc2 cxd4 9. cxd4 Be7 10. O-O O-O 11. Ne3 Nxe3 12. Bxe3 f6 13. exf6 Bxf6 14. Qd2 Be8 15. h3 Bh5 16. Rfe1 Qe8 17. a3 a5 18. Rad1 a4 19. g4 Bg6 20. Bg5 Qe7 21. Qe3 Be4 22. Bxf6 Rxf6 23. Ng5 Raf8 24. f3 Bg6 25. h4 h6 26. Nh3 Qc7 27. f4 h5 28. g5 Rxf4 29. Nxf4 Rxf4 30. Qxe6+ Kh7 31. Qxd5 Rxh4 32. Qg2 Be4 33. Qxe4+ Rxe4 34. Bd3 Qg3+ 35. Kf1 Qf3+ 36. Kg1 Qxd3 0-1

[Event "USA-ch Women 2024"]
[Site "Saint Louis"]
[Date "2024.10.16"]
[Round "5.4"]
[White "Yip, Carissa"]
[Black "Tokhirjonova, Gulrukhbegim"]
[Result "1-0"]
[ECO "A08"]
[WhiteElo "2418"]
[BlackElo "2374"]
[Annotator "TA"]
[PlyCount "131"]
[EventDate "2024.10.09"]
[EventType "tourn"]
[EventCountry "USA"]
[SourceTitle "playchess.com"]
[Source "ChessBase"]
[SourceQuality "1"]
[TimeControl "40/5400+30:1800+30"]

1. e4 e6 2. d3 d5 3. Nd2 c5 4. g3 Nc6 5. Bg2 Nf6 6. Ngf3 dxe4 7. dxe4 e5 8. O-O Be7 9. c3 O-O 10. Qc2 b5 11. a4 b4 12. Rd1 Be6 {[%emt 0:06:33] The position is equal.} 13. Nc4 Qb8 14. Qe2 h6 15. Bd2 Rd8 16. Be1 Rxd1 17. Rxd1 bxc3 18. bxc3 Qc7 19. Nfd2 Rd8 20. Ra1 Na5 21. Bf1 Nxc4 22. Nxc4 Bc8 23. f3 Ba6 24. Qa2 Bf8 25. Rb1 Bc8 26. a5 Nh7 27. h4 {[%emt 0:02:31] Dodges Ng5} Kh8 (27... g5 $14) 28. a6 g5 29. h5 {[%emt 0:02:30] White is more active.} (29. Qa5 $16 Bd6 30. Qxc7 Bxc7 31. Bf2) 29... g4 $11 30. fxg4 Nf6 31. Qa5 Bd6 32. Be2 Nxe4 33. Qa4 Bd7 34. Qc2 Bc6 35. Rd1 Be7 36. Rxd8+ Bxd8 37. Qd3 {[%emt 0:00:46] [#] Black must now prevent Bf3.} Be7 38. Bf3 Ng5 39. Bxc6 Qxc6 40. Nxe5 Qe6 41. Qf5 {[%emt 0:30:39] aiming for Qxe6.} Qa2 42. Nf3 {[%emt 0:00:00] And now Nxg5 would win.} Nxf3+ 43. Qxf3 {[%emt 0:00:00][%mdl 4096] Endgame. Black should prevent Qb7. KQB-KQB} Kg7 44. Qb7 $36 {[%emt 0:00:00][%mdl 2048] White has good play.} Bd6 45. Bf2 Qe2 {[%emt 0:01:29] Prevents c4.} 46. Qc6 Qd1+ {[%emt 0:04:12] Black cannot hold the game after this.} (46... Bf8 $14) 47. Kg2 $18 Qd3 {[%emt 0:00:34] Prevents c4} (47... Bf8 {is a better defense.} 48. g5 (48. Bxc5 Bxc5 49. Qxc5 Qe2+ 50. Qf2 Qxa6 $14) 48... hxg5) 48. c4 $1 ({Weaker is} 48. Bxc5 Qxg3+ (48... Qxc3 49. Qxd6 f6 50. Qc7+ Kg8 51. Qb8+ Kf7 52. Qxa7+ Ke6 53. Qe7+ Kd5 54. a7) 49. Kf1 Qd3+ 50. Kf2 Qd2+ 51. Kg1 Qd1+ 52. Kf2 Qc2+ 53. Kf1 Qd1+ 54. Kf2 Qd2+ 55. Kg1 Qh2+ 56. Kf1 Qh3+ 57. Kf2 Qh2+ 58. Kf1 Qh3+ 59. Kf2 Qg3+ 60. Kf1 Qd3+ 61. Kg2 Bxc5 (61... Qxc3 62. Qxd6 Qc2+ 63. Kf3 $18) 62. Qxc5 Qxa6 $11) 48... Be7 49. Qb7 (49. Bxc5 $2 {loses.} Qxc4 50. g5 Bxc5 $19) 49... Bf8 (49... Bf6 50. Bxc5 (50. Qxa7 Qe4+ 51. Kg1 Bd4 $14) 50... Qe2+ 51. Bf2 Bd4) 50. Qxa7 {[%emt 0:00:00] Intending Qb7 and mate.} Qe4+ 51. Kg1 Qb1+ 52. Kh2 {[%emt 0:00:00][%cal Oa7b7] Threatening mate with Qb7!} Bd6 {[%emt 0:00:41] [#]} 53. Bd4+ $1 cxd4 54. Qxd4+ Kh7 55. Qxd6 {[%emt 0:00:11] KQ-KQ} Qc2+ 56. Kh3 {[%emt 0:00:18] White threatens a7 and mate.} Qxc4 57. Qf6 {[%emt 0:00:03] White mates.} Qa2 58. Qf5+ Kg7 59. Qe5+ Kh7 60. Qe4+ Kg8 61. Qb7 f5 62. Qc8+ Kg7 63. Qd7+ Kg8 64. a7 fxg4+ 65. Qxg4+ Kh7 66. Qe4+ {[%emt 0:00:05] Weighted Error Value: White=0.08 (flawless) /Black=0.42.  Loses game:     	---       	Black=1      Mistake:       	White=1     	Black=3      Inaccurate:     	White=2     	Black=3      OK:         	White=19    	Black=15     Best:        	White=3     	Black=1      Strong:       	White=1     	---} 1-0

[Event "USA-ch Women 2024"]
[Site "Saint Louis"]
[Date "2024.10.16"]
[Round "5.5"]
[White "Lee, Megan"]
[Black "Paikidze, Nazi"]
[Result "1-0"]
[ECO "B67"]
[WhiteElo "2253"]
[BlackElo "2314"]
[Annotator "RC"]
[PlyCount "93"]
[EventDate "2024.10.09"]
[EventType "tourn"]
[EventCountry "USA"]
[SourceTitle "playchess.com"]
[Source "ChessBase"]
[SourceQuality "1"]
[TimeControl "40/5400+30:1800+30"]

1. e4 c5 2. Nf3 d6 3. d4 cxd4 4. Nxd4 Nf6 5. Nc3 Nc6 6. Bg5 e6 7. Qd2 a6 8. O-O-O Bd7 9. f3 Be7 10. Kb1 b5 11. Nxc6 Bxc6 12. h4 h6 13. Bf4 b4 14. Ne2 e5 15. Bh2 h5 16. Ng3 g6 17. Bc4 Qc7 18. Qe2 O-O 19. Nf1 Bb5 20. Ne3 Rfc8 21. Bd3 Bxd3 22. Rxd3 a5 23. g4 a4 24. g5 Ne8 25. Nd5 Qb7 26. f4 exf4 27. Bxf4 Bf8 28. Bd2 Bg7 29. Bxb4 Rc4 30. a3 Nc7 31. Rf3 Qa6 32. Qd3 Nxd5 33. Qxd5 Ra7 34. Rd1 Qc8 35. c3 Rd7 36. Bxd6 Qc6 37. Qxc6 Rxc6 38. Rfd3 Rc4 39. e5 Rxh4 40. Rd4 Rxd4 41. Rxd4 Bf8 42. c4 f6 43. gxf6 Kf7 44. c5 Rd8 45. c6 Bh6 46. c7 Rc8 47. Rb4 1-0

[Event "USA-ch Women 2024"]
[Site "Saint Louis"]
[Date "2024.10.16"]
[Round "5.6"]
[White "Atwell, Rose"]
[Black "Yu, Jennifer"]
[Result "0-1"]
[ECO "E11"]
[WhiteElo "2185"]
[BlackElo "2267"]
[Annotator "RC"]
[PlyCount "158"]
[EventDate "2024.10.09"]
[EventType "tourn"]
[EventCountry "USA"]
[SourceTitle "playchess.com"]
[Source "ChessBase"]
[SourceQuality "1"]
[TimeControl "40/5400+30:1800+30"]

1. d4 Nf6 2. c4 e6 3. g3 d5 4. Bg2 Bb4+ 5. Bd2 Be7 6. Nf3 O-O 7. O-O c6 8. Qc2 Ne4 9. Rd1 Nd7 10. b3 b6 11. Bf4 Bb7 12. h4 c5 13. cxd5 exd5 14. Nbd2 Rc8 15. Nxe4 dxe4 16. Ng5 cxd4 17. Qd2 Nf6 18. Be5 e3 19. fxe3 Bxg2 20. Kxg2 dxe3 21. Qxe3 Qe8 22. Qd3 Qc6+ 23. Kh3 Rfd8 24. Qf5 h6 25. Rac1 Qxc1 26. Rxc1 Rxc1 27. Bxf6 Bxf6 28. Qh7+ Kf8 29. Ne4 Bd4 30. Qf5 Rc6 31. h5 Re6 32. Qf4 Be5 33. Qf3 Bb8 34. Nc3 Re5 35. e4 Rg5 36. Ne2 Kg8 37. Nf4 Be5 38. g4 Bxf4 39. Qxf4 Rd3+ 40. Kh4 Rc5 41. Qb8+ Kh7 42. Qxa7 Rcc3 43. g5 Rh3+ 44. Kg4 Rhg3+ 45. Kf4 Rcf3+ 46. Ke5 Rxg5+ 47. Kd4 b5 48. a4 bxa4 49. bxa4 Rxh5 50. a5 Ra3 51. a6 f6 52. Qb7 Rha5 53. Qc8 h5 54. Qe8 Kh6 55. Qh8+ Kg6 56. Qe8+ Kg5 57. Qd7 Kh6 58. Qe8 Rxa6 59. Qh8+ Kg6 60. Qe8+ Kg5 61. Qg8 Ra7 62. e5 fxe5+ 63. Kxe5 Re3+ 64. Kd4 Rae7 65. Qd5+ Kh6 66. Qd6+ Kh7 67. Qh2 g6 68. Kd5 Rd3+ 69. Kc4 Red7 70. Kb4 Rd2 71. Qg3 Rc2 72. Kb3 Rc6 73. Qb8 Rdc7 74. Qb4 Rc3+ 75. Kb2 Rc2+ 76. Kb1 Rc1+ 77. Ka2 R7c2+ 78. Ka3 Ra1+ 79. Kb3 Rb1+ 0-1